 Dungeon Crawl Stone Soup version 0.16.1-12-gf5c4a84 (webtiles) character file.

200 Thalios the Skirmisher (level 5, -7/37 HPs)
             Began as a Gargoyle Fighter on Apr 10, 2015.
             Was an Initiate of Okawaru.
             Mangled by Thalios' ghost (12 damage)
             ... on level 3 of the Dungeon.
             The game lasted 00:08:18 (2738 turns).

Thalios the Skirmisher (Gargoyle Fighter)           Turns: 2738, Time: 00:08:18

Health: -7/37      AC: 11    Str: 24    XL:     5   Next: 79%
Magic:  5/5        EV:  5    Int: 15    God:    Okawaru [......]
Gold:   63         SH:  9    Dex:  8    Spells: 0 memorised, 4 levels left

rFire  . . .     SeeInvis .     a - +0 flail
rCold  . . .     Clarity  .     x - -2 chain mail (curse)
rNeg   + . .     SustAb   .     c - +0 shield
rPois  ∞         Gourm    .     (no helmet)
rElec  +         Spirit   .     (no cloak)
rCorr  .         Warding  .     (no gloves)
rMut   .         Stasis   .     (no boots)
MR     .....                    n - amulet of regeneration
Stlth  ..........               s - -2 ring of dexterity (curse)
                                h - +6 ring of intelligence

@: mighty, not resistant to hostile enchantments, extremely unstealthy
A: negative energy resistance 1, electricity resistance, unbreathing,
petrification resistance, rot immunity, AC +4
a: Renounce Religion


You were on level 3 of the Dungeon.
You worshipped Okawaru.
Okawaru was noncommittal.
You were hungry.

You visited 1 branch of the dungeon, and saw 3 of its levels.
You also visited: Sewer.

You collected 63 gold pieces.

Inventory:

Hand weapons
 a - a +0 flail (weapon)
 t - a +0 hand crossbow
Missiles
 k - 9 javelins (quivered)
 u - 13 bolts
Armour
 b - a +0 scale mail
 c - a +0 shield (worn)
 x - a cursed -2 chain mail (worn)
Jewellery
 h - a +6 ring of intelligence (left hand)
 n - an amulet of regeneration (around neck)
 s - a cursed -2 ring of dexterity (right hand)
Scrolls
 i - a scroll of remove curse {unknown}
 j - a scroll of immolation
 l - 3 scrolls of teleportation
 m - a scroll of identify {unknown}
 o - 3 scrolls of recharging
 r - a scroll of noise {unknown}
Potions
 f - a potion of curing {unknown}
 g - a potion of haste {unknown}
 p - 4 potions of heal wounds {unknown}
 v - a potion of flight {unknown}
 w - a potion of restore abilities {unknown}
Comestibles
 d - 2 bread rations
 q - 2 fruits


   Skills:
 * Level 6.9 Fighting
 - Level 2.0 Maces & Flails
 - Level 3.2 Armour
 - Level 3.2 Shields


You had 4 spell levels left.
You didn't know any spells.

Dungeon Overview and Level Annotations

Branches:
Dungeon (3/15)

Altars:
Dithmenos
Kikubaaqudgha
Makhleb
Okawaru
Qazlal
Sif Muna
Vehumet
Xom
Yredelemnul
Zin
The Shining One

Annotations:
D:3 Thalios' ghost, average GrFi


Innate Abilities, Weirdness & Mutations

You are resistant to torment.
You are immune to poison.
Your stone body is very resilient (AC +4).
You resist negative energy.
You are resistant to electric shocks.
You can survive without breathing.
You are immune to petrification.
You are immune to rotting.


Message History

* * * LOW HITPOINT WARNING * * *
You hit Thalios' ghost.
Thalios' ghost is moderately damaged.
You block Thalios' ghost's attack.
You thump Thalios' ghost!
Thalios' ghost is heavily damaged.
You block Thalios' ghost's attack.
You hit Thalios' ghost.
Thalios' ghost is heavily damaged.
Thalios' ghost hits you but does no damage.
You block Thalios' ghost's attack.
You hit Thalios' ghost.
Thalios' ghost is severely damaged.
Thalios' ghost barely misses you.
You barely miss Thalios' ghost.
Thalios' ghost is severely damaged.
Thalios' ghost hits you!
* * * LOW HITPOINT WARNING * * *
Thalios' ghost hits you!
You die...

#. #. .# #. .#.#
#.###.#.#
....#.#.....#.#
.g..W.....###.###
....#.###.#.....
#.#....###########
#W#...............
#@#....###########
#.#....# #........
#.#....# #.######.
#.#....# #.# #.
#.#.#### #.# #.
#.#.######.# #.
#.#........# #.
#.###############.
#.................


You could see Thalios' ghost.

Vanquished Creatures
  A big kobold (Sewer)
  2 adders (D:2)
  4 river rats
  2 giant mites (D:3)
  A worm (D:3)
  3 ball pythons
  7 bats
  4 giant cockroaches
  6 goblins
  3 hobgoblins
  11 kobolds
  3 quokkas
  4 giant newts
  3 jackals
  8 rats
62 creatures vanquished.

Notes
Turn   | Place    | Note
--------------------------------------------------------------
     0 | D:1      | Thalios, the Gargoyle Fighter, began the quest for the Orb.
     0 | D:1      | Reached XP level 1. HP: 14/14 MP: 1/1
   142 | D:1      | Reached XP level 2. HP: 18/20 MP: 2/2
   198 | D:1      | Reached skill level 4 in Fighting
   748 | D:1      | You fall through a shaft!
   876 | D:2      | Reached XP level 3. HP: 24/24 MP: 3/3
  1102 | D:2      | Found a shimmering altar of Xom.
  1105 | D:2      | Found a shimmering altar of Xom.
  1271 | D:2      | Reached skill level 5 in Fighting
  1633 | D:2      | Reached XP level 4. HP: 31/31 MP: 4/4
  1634 | D:2      | Found a stormy altar of Qazlal.
  1640 | D:2      | Found an iron altar of Okawaru.
  1642 | D:2      | Found a glowing silver altar of Zin.
  1643 | D:2      | Found a shadowy altar of Dithmenos.
  1643 | D:2      | Found a radiant altar of Vehumet.
  1643 | D:2      | Found an ancient bone altar of Kikubaaqudgha.
  1644 | D:2      | Found a burning altar of Makhleb.
  1654 | D:2      | Became a worshipper of Warmaster Okawaru
  1659 | D:2      | Found a deep blue altar of Sif Muna.
  1660 | D:2      | Found a basalt altar of Yredelemnul.
  1661 | D:2      | Found a glowing golden altar of the Shining One.
  1766 | D:3      | Found a glowing drain.
  1967 | Sewer    | Entered a sewer
  1985 | Sewer    | Reached skill level 6 in Fighting
  1985 | Sewer    | Reached XP level 5. HP: 27/36 MP: 5/5
  2205 | Sewer    | Noticed a big kobold
  2244 | Sewer    | Killed a big kobold
  2444 | Sewer    | Found a glowing silver altar of Zin.
  2720 | D:3      | Noticed Thalios' ghost (average GrFi)
  2738 | D:3      | Mangled by Thalios' ghost

Action                   |  1- 3 |  4- 6 || total
-------------------------+-------+-------++-------
Melee: Flail             |   171 |   128 ||   299
  Use: Scroll            |       |     3 ||     3
       Potion            |       |     1 ||     1
  Eat: Chunk             |     2 |     4 ||     6
